 Dungeon Crawl Stone Soup version 0.24.0-123-gd5b16e6ec5 (webtiles) character file.

Game seed: 7740978363608187697, levelgen mode: deterministic

3988 1994 the Zephyrmancer (level 9, -1/62 HPs)
             Began as a Demigod Air Elementalist on Jan 18, 2020.
             Killed from afar by an orc wizard (6 damage)
             ... with a puff of frost
             ... on level 8 of the Dungeon.
             The game lasted 00:54:49 (9668 turns).

1994 the Zephyrmancer (Demigod Air Elementalist)    Turns: 9668, Time: 00:54:49

Health: -1/62      AC:  6    Str: 11    XL:     9   Next: 73%
Magic:  10/20      EV: 12    Int: 29    God:
Gold:   323        SH:  5    Dex: 16    Spells: 0/18 levels left

rFire    . . .     SeeInvis .   a - +2 dagger (elec)
rCold    . . .     Gourm    .   F - +0 buckler
rNeg     . . .     Faith    .   A - +0 leather armour
rPois    .         Spirit   .   y - +2 helmet
rElec    .         Reflect  .   (no cloak)
rCorr    .         Harm     .   (no gloves)
MR       .....                  (no boots)
Stlth    ++........             (no amulet)
HPRegen  0.20/turn              h - +4 ring of intelligence
MPRegen  0.17/turn              (no ring)

@: no status effects
A: high mp 1
a: no special abilities


You were on level 8 of the Dungeon.
You were not hungry.

You visited 2 branches of the dungeon, and saw 9 of its levels.

You collected 323 gold pieces.

Inventory:

Hand Weapons
 a - a +2 dagger of electrocution (weapon)
 b - a +4 dagger of speed
 r - a +0 hunting sling
 B - a +0 trident of protection
Missiles
 e - 7 javelins
 g - 45 sling bullets
 j - 20 poisoned darts (quivered)
 m - 271 stones
 w - a throwing net
 E - 2 curare-tipped darts
Armour
 y - a +2 helmet (worn)
 A - a +0 leather armour (worn)
 C - a +0 shield
 F - a +0 buckler (worn)
Magical Staves
 z - an uncursed staff of wizardry
 I - an uncursed staff of fire
Jewellery
 h - a +4 ring of intelligence (left hand)
 J - a +3 ring of evasion
Wands
 G - a wand of acid (10)
Scrolls
 d - 6 scrolls of identify
 f - a scroll of noise {unknown}
 k - 2 scrolls of remove curse
 l - a scroll of fog
 n - a scroll of amnesia
 o - 2 scrolls of fear {unknown}
 p - a scroll of enchant weapon
 q - a scroll of teleportation
Potions
 s - a potion of haste
 t - a potion of berserk rage
 u - 2 potions of brilliance
 v - 2 potions of flight {unknown}
 x - a potion of magic
 D - 3 potions of heal wounds
 H - 2 potions of ambrosia {unknown}
Comestibles
 c - 15 rations
 i - 9 chunks of flesh


   Skills:
 - Level 1.7 Dodging
 - Level 1.7 Stealth
 * Level 3.7 Shields
 + Level 5.3 Spellcasting
 * Level 8.0 Conjurations
 - Level 1.0 Charms
 * Level 8.5 Air Magic


You couldn't memorise any spells.
You knew the following spells:

 Your Spells              Type           Power        Failure   Level  Hunger
a - Shock                 Conj/Air       ####         1%          1    None
b - Mephitic Cloud        Conj/Pois/Air  #####...     2%          3    None
c - Static Discharge      Conj/Air       ######..     1%          3    None
d - Airstrike             Air            ######....   2%          4    ###....
e - Swiftness             Chrm/Air       #####...     1%          2    None
f - Lightning Bolt        Conj/Air       ######....   8%          5    #####..

Your spell library contained the following spells:

 Spells                   Type           Power        Failure   Level  Hunger
 Magic Dart               Conj           ####         1%          1    None
 Conjure Flame            Conj/Fire      ####....     4%          3    None
 Corona                   Hex            #......      9%          1    None
 Blink                    Tloc           N/A          12%         2    None
 Call Imp                 Summ           #.......     12%         2    None
 Slow                     Hex            #.......     12%         2    None
 Inner Flame              Hex/Fire       #.......     24%         3    None
 Portal Projectile        Hex/Tloc       #.....       24%         3    None
 Cause Fear               Hex            #.........   63%         4    ###....
 Leda's Liquefaction      Hex/Erth       #.........   63%         4    ###....


Dungeon Overview and Level Annotations

Branches:
Dungeon (8/15)             Temple (1/1) D:6
   Lair: D:8-11

Shops:
D:4 *

Annotations:
D:4 troll


Innate Abilities, Weirdness & Mutations

You have an increased reservoir of magic. (+10% MP)


Message History

* * * LOW HITPOINT WARNING * * *
Unknown command.
Casting: Static Discharge (safe; 1% risk of failure)
Confirm with . or Enter, or press ? or * to list all spells.
The orc warrior is struck by an arc of lightning!
You kill the orc warrior!
You are struck by an arc of lightning.
* * * LOW HITPOINT WARNING * * *
A magic dart appears from out of thin air!
The magic dart hits you!
* * * LOW HITPOINT WARNING * * *
Unknown command.
A puff of frost appears from out of thin air!
The puff of frost misses you.
You see here an arrow.
You see here a cursed -1 hand axe.
There is a stone staircase leading up, spattered with blood here.
A puff of frost appears from out of thin air!
The puff of frost hits you.
You die...

##.#....#.####.............
#.>......(.....##..........
#######.......[.####.............
....).....#..)#.# ##########.#..
#######......[#[# #.#..
#..###((#.# #.#.# #..# #([#.##
#.#.# #.># #([(.(# #...# #..#
##)#[@############.#.# #..#
#.#)))(..{......[.#.# #..#
#.#[###############.. #.###).#
#.#.# ### #......####.#)#
#####.........# #..####..## #..#
##.# #... #.#


There were no monsters in sight!

Vanquished Creatures
  Prince Ribbit (D:7)
  A hornet (D:8)
  A hippogriff (D:7)
  Grum (D:8)
  6 orc warriors
  2 phantoms
  An ice beast (D:5)
  3 sky beasts
  4 ogres
  3 centaurs
  2 wolves
  A gnoll sergeant (D:6)
  A scorpion (D:4)
  3 howler monkeys
  A crimson imp (D:7)
  4 hounds
  A jelly (D:8)
  6 orc priests
  10 orc wizards
  An iguana (D:5)
  Jessica (D:6)
  6 worker ants
  2 worker ant zombies
  11 gnolls
  14 adders
  A shadow imp (D:8)
  An ooze (D:2)
  8 worms
  A dart slug (D:2)
  4 leopard geckos
  24 orcs
  8 bats
  2 giant cockroaches (D:3)
  11 goblins
  5 hobgoblins
  4 jackals (D:1)
  10 kobolds
  2 quokkas
  A ball python (D:5)
  6 frilled lizards
  A jackal skeleton (D:5)
  A leopard gecko zombie (D:7)
  2 quokka zombies
  7 rats
186 creatures vanquished.

Vanquished Creatures (others)
  A human (D:2)
1 creature vanquished.

Grand Total: 187 creatures vanquished

Notes
Turn   | Place    | Note
-------+----------+-------------------------------------------
     0 | D:1      | 1994 the Demigod Air Elementalist began the quest for the
                  | Orb.
     0 | D:1      | Reached XP level 1. HP: 14/14 MP: 5/5
   152 | D:1      | Reached skill level 1 in Conjurations
   457 | D:1      | Reached XP level 2. HP: 20/20 MP: 4/7
  1013 | D:2      | Learned a level 2 spell: Swiftness
  1047 | D:2      | Noticed a howler monkey
  1054 | D:2      | Killed a howler monkey
  1054 | D:2      | Reached XP level 3. HP: 19/26 MP: 1/8
  1137 | D:2      | Learned a level 3 spell: Static Discharge
  1200 | D:2      | Reached XP level 4. HP: 33/33 MP: 6/10
  1537 | D:2      | Reached skill level 1 in Charms
  2121 | D:2      | Found a faded altar of an unknown god.
  2174 | D:2      | Found an ancient bone altar of Kikubaaqudgha.
  2177 | D:2      | Noticed a human
  2180 | D:2      | Killed a human
  2303 | D:3      | Reached XP level 5. HP: 28/38 MP: 8/11
  3486 | D:4      | Found an ornate altar of the Wu Jian Council.
  3489 | D:4      | Found a white marble altar of Elyvilon.
  3737 | D:3      | Found a hide-covered altar of Uskayaw.
  4062 | D:4      | Found Ruror's General Store.
  4125 | D:4      | Reached XP level 6. HP: 42/45 MP: 6/13
  4134 | D:4      | Learned a level 4 spell: Airstrike
  4354 | D:4      | Found a sacrificial altar of Ru.
  4694 | D:4      | Reached skill level 5 in Air Magic
  4780 | D:4      | Reached XP level 7. HP: 50/50 MP: 2/15
  4878 | D:4      | Found a basalt altar of Yredelemnul.
  4881 | D:4      | Found a bloodstained altar of Trog.
  5187 | D:5      | Entered Level 5 of the Dungeon
  5187 | D:5      | Noticed a troll
  5452 | D:5      | Reached skill level 5 in Conjurations
  6315 | D:5      | Reached XP level 8. HP: 47/57 MP: 17/17
  6519 | D:6      | Found a staircase to the Ecumenical Temple.
  6530 | Temple   | Entered the Ecumenical Temple
  7047 | D:6      | Found an iron altar of Okawaru.
  7196 | D:6      | Noticed Jessica
  7226 | D:6      | Killed Jessica
  7234 | D:6      | Found a shimmering blue altar of Sif Muna.
  7618 | D:7      | Noticed a hippogriff
  7626 | D:7      | Killed a hippogriff
  8387 | D:8      | Noticed Grum
  8402 | D:7      | Reached skill level 1 in Shields
  8402 | D:7      | Reached XP level 9. HP: 24/62 MP: 10/19
  8610 | D:8      | Killed Grum
  8719 | D:8      | Noticed Prince Ribbit
  8857 | D:7      | Killed Prince Ribbit
  8857 | D:7      | Reached skill level 5 in Spellcasting
  9032 | D:8      | Learned a level 3 spell: Mephitic Cloud
  9038 | D:8      | Learned a level 5 spell: Lightning Bolt
  9668 | D:8      | Killed from afar by an orc wizard

Levels and vault maps discovered:
D:1:      minmay_arrival_doors, layout_basic, minmay_hexomino_f4
D:2:      minmay_inner_zag, layout_loops_ring,
          chequers_ecumenical_altar_simple_redux, kennysheep_another_room,
          tgw_kikubaaqudgha
D:3:      layout_basic, eat_drink_and_be_merry_uskayaw
D:4:      layout_basic, grunt_temple_overflow_open,
          chequers_temple_overflow_statue_of_worship, serial_shops, shop,
          nicolae_ru_great_annihilating_truth
D:5:      layout_rooms, first_ration
D:6:      layout_basic, okawaru_metal_pillars_3, minmay_temple_entry_glass,
          tgw_sif
D:7:      layout_basic
D:8:      layout_loops_ring, lemuel_round_altar, uniq_joseph,
          uniq_prince_ribbit1, uniq_grum
Temple:   nicolae_temple_figure_eight

Skill      XL: |  1  2  3  4  5  6  7  8  9 |
---------------+----------------------------+-----
Conjurations   | 1 2 3 4 5 7 8 |  8.0
Air Magic      | 3 4 5 6 7 8 |  8.5
Spellcasting   | 2 3 4 5 |  5.3
Charms         | 1 |  1.0
Shields        | 1 3 |  3.7
Dodging        | |  1.7
Stealth        | |  1.7

Action                   |  1- 3 |  4- 6 |  7- 9 || total
-------------------------+-------+-------+-------++-------
Melee: Dagger            |    12 |     8 |    15 ||    35
       Spear             |       |    13 |       ||    13
       Hand axe          |       |     3 |       ||     3
       Whip              |       |    28 |    59 ||    87
       Trident           |       |       |     3 ||     3
Throw: Dart              |       |     5 |     1 ||     6
 Cast: Shock             |    43 |   126 |   149 ||   318
       Airstrike         |       |     3 |    26 ||    29
       Static Discharge  |       |       |    23 ||    23
       Swiftness         |       |       |     3 ||     3
       Lightning Bolt    |       |       |     2 ||     2
  Use: Scroll            |       |     7 |     4 ||    11
 Stab: Sleeping          |       |     3 |     1 ||     4
  Eat: Chunk             |     1 |     8 |    20 ||    29
       Ration            |       |     1 |       ||     1
Armor: Robe              |     7 |    21 |       ||    28
       Leather armour    |       |       |    36 ||    36
Dodge: Dodged            |    20 |    60 |    69 ||   149
Block: Buckler           |       |       |    16 ||    16
